cohdb
Replays
Latest Replays
All Replays
Popular Replays
Top Player Replays
Match Explorer
How It Works
Community
CoH3 Stats
Reddit
Sign in to upload your games and track your stats! →
Sign in with Steam
Match 42961233
Unlisted
Match 42961233
Overview
Messages
Build Orders
End
Scout Squad
Construct Weapon Support Center
M1919 Machine Gun Team
M1919 Machine Gun Team
Bazooka Squad
Bazooka Squad
Selects Airborne Battlegroup
Selects Pathfinders
Construct Medical Station
Selects Paratrooper Squad Paradrop
Paratrooper Squad Paradrop
Improved M9 Bazooka Rockets
Selects Recon Loiter
Paratrooper Squad Paradrop
Selects Anti-tank Gun Team Paradrop
Anti-tank Gun Team Paradrop
Engineer Squad
Selects Paradrop Reinforcements
Recon Loiter
Air Support Center
Paratrooper Squad Paradrop
P-47 Dive Bomb
Grasshopper Recon Run
P-47 Strafing Run
Recon Loiter
Construct Tank Depot
P-47 Dive Bomb
Grasshopper Recon Run
P-47 Strafing Run
M4A1 Sherman Medium Tank
P-47 Dive Bomb
Selects Dual P-47 Rocket Strike
Grasshopper Recon Run
P-47 Strafing Run
Engineer Squad
P-47 Dive Bomb
Grasshopper Recon Run
M4A1 Sherman Medium Tank
P-47 Strafing Run
Jay
Willaguy
0
0
Comments
sign in to comment!
No comments posted yet!